 Dungeon Crawl Stone Soup version 0.29-a0-1043-g569b05d6ff (webtiles) character file.

Game seed: 4854599883988784058

160 siradein the Shooter (level 5, -1/42 HPs)
             Began as a Barachi Hunter on Aug 15, 2022.
             Succumbed to an adder's poison
             ... in a sewer.
             The game lasted 00:04:02 (2829 turns).

siradein the Shooter (Barachi Hunter)               Turns: 2829, Time: 00:04:02

Health: -1/42      AC:  8    Str: 13    XL:     5   Next: 41%
Magic:  5/5        EV:  9    Int:  9    God:
Gold:   298        SH:  0    Dex: 17    Spells: 4/4 levels left

rFire   + + .      SeeInvis .   a - +0 shortbow
rCold   x . .      Faith    .   (shield currently unavailable)
rNeg    . . .      Spirit   .   f - +0 fire dragon scales
rPois   .          Reflect  .   (no helmet)
rElec   .          Harm     .   (no cloak)
rCorr   .          Rampage  .   (no gloves)
Will    .....                   (no boots)
Stlth   +.........              (no amulet)
HPRegen 0.14/turn               (no ring)
MPRegen 0.09/turn               (no ring)

@: mighty, lethally poisoned (-1 -> -9), slow
A: amphibious, slowness 1, strong legs 1, +LOS
a: Hop


You were in a sewer.
You visited 1 branch of the dungeon, and saw 4 of its levels.
You also visited: Sewer.

You collected 298 gold pieces.

Inventory:

Hand Weapons
 a - a +0 shortbow (weapon)
Armour
 f - +0 fire dragon scales (worn)
Scrolls
 b - a scroll of immolation
 c - 3 scrolls of identify {unknown}
 d - 8 scrolls of teleportation
 h - a scroll of fear {unknown}
 i - a scroll of enchant armour {unknown}
Potions
 e - 2 potions of might
 g - 3 potions of attraction {unknown}


   Skills:
 + Level 3.7 Fighting
 + Level 4.5 Ranged Weapons
 + Level 2.1 Armour
 + Level 3.3 Dodging
 + Level 2.3 Stealth


You had 4 spell levels left.
You didn't know any spells.
Your spell library contained the following spells:

 Spells                   Type           Power      Damage    Failure   Level
 Magic Dart               Conj           0%         1d3       95%         1
 Call Imp                 Summ           0%         N/A       98%         2
 Ensorcelled Hibernation  Hex/Ice        0%         N/A       98%         2
 Static Discharge         Conj/Air       0%         3-3/arc   98%         2
 Mephitic Cloud           Conj/Pois/Air  0%         N/A       100%        3
 Spider Form              Tmut/Pois      0%         N/A       100%        3
 Anguish                  Hex/Necr       0%         N/A       100%        4
 Lightning Bolt           Conj/Air       0%         1d11      100%        5
 Maxwell's Capacitive Co  Air            0%         ∞         100%        8


Dungeon Overview and Level Annotations

Branches:
Dungeon (4/15)              Sewer (1/1)
 Temple: D:4-7

Altars:
Yredelemnul

Shops:
D:4 =[


Innate Abilities, Weirdness & Mutations

You are amphibious.
You cover ground slowly.
You can hop short distances.
You have an extended range of vision and can be seen from far away.


Message History

The adder bites you but does no damage. The adder bites you.
The adder bites you but does no damage. The adder bites you.
You are more poisoned.
The adder poisons you! The adder bites you but does no damage.
The adder bites you.
You are more poisoned.
The adder poisons you! The adder bites you but does no damage.
Fire: a) +0 shortbow
Press: ? - help, Q - select action, (/) - cycle Shift-Dir - straight line, f/p - adder
Aim: an adder (46% to hit)
You shoot an arrow. The arrow hits the adder.
The adder is lightly wounded.
You feel very sick.
The adder bites you but does no damage. x3; The adder bites you.
The adder bites you but does no damage.
Unknown command.
Fire: a) +0 shortbow
Press: ? - help, Q - select action, (/) - cycle Shift-Dir - straight line, f/p - adder
Aim: an adder (lightly wounded, 46% to hit)
You shoot an arrow. The arrow hits the adder!
You kill the adder!
* * * LOW HITPOINT WARNING * * *
You feel very sick. The adder bites you but does no damage.
The adder bites you.
* * * LOW HITPOINT WARNING * * *
You are more poisoned.
The adder poisons you! The adder completely misses you.
The adder bites you but does no damage.
Fire: a) +0 shortbow
Press: ? - help, Q - select action, (/) - cycle Shift-Dir - straight line, f - adder
Aim: an adder (46% to hit)
You shoot an arrow. The arrow closely misses the adder.
* * * LOW HITPOINT WARNING * * *
You feel very sick. The adder bites you but does no damage.
The adder bites you.
* * * LOW HITPOINT WARNING * * *
The adder bites you but does no damage. x2
It was a potion of might.
You feel very mighty all of a sudden.
You die...

+..+ #~≈.# #..#
#~≈~# #..# #~≈~#
#..# #~≈~#
###..####~≈~#
#.#..#.##~≈~#
#.'..'.##~≈.#
#.'SS'.##~≈.#
#.#@.#.##~≈~# #
#..####.≈.# #~~#
#.≈~# #~.# #.≈~#
~≈~####~~####~≈.#
~.~~~~~~~~~†~~≈~#
≈≈≈≈≈≈≈~~≈≈≈≈≈≈~#
~.~~.~~..~~~~~.~#
#############≈≈≈#


You could see 2 adders.

Vanquished Creatures
  A hound (D:2)
  4 adders
  A river rat (D:4)
  4 worms
  2 dart slugs
  An orc (D:3)
  11 bats
  3 endoplasms
  4 giant cockroaches
  4 goblins
  6 hobgoblins
  2 quokkas
  4 ball pythons
  12 frilled lizards
  9 kobolds
  5 rats
73 creatures vanquished.

Notes
Turn   | Place    | Note
-------+----------+-------------------------------------------
     0 | D:1      | siradein the Barachi Hunter began the quest for the Orb.
     0 | D:1      | Reached XP level 1. HP: 17/17 MP: 1/1
    22 | D:1      | Reached skill level 1 in Stealth
   198 | D:1      | Found a faded altar of an unknown god.
   207 | D:1      | Reached XP level 2. HP: 23/23 MP: 2/2
   841 | D:2      | Reached XP level 3. HP: 15/29 MP: 3/3
  1009 | D:2      | Reached skill level 1 in Armour
  1009 | D:2      | Reached XP level 4. HP: 13/35 MP: 4/4
  2077 | D:3      | Found a basalt altar of Yredelemnul.
  2221 | D:4      | Found Qeadimov's Jewellery Shoppe.
  2234 | D:4      | Found Gujygos's Antique Armour Boutique.
  2321 | D:4      | Reached XP level 5. HP: 41/41 MP: 5/5
  2481 | D:4      | Found a glowing drain.
  2485 | Sewer    | Entered a sewer
  2828 | Sewer    | HP: 1/42 [adder (3)]
  2829 | Sewer    | Succumbed to an adder's poison

Illustrated notes

Levels and vault maps discovered:
D:1:      minmay_arrival_solitary_statue, layout_loops_ring,
          ebering_ecumenical_altar_abandoned
D:2:      layout_loops_ring
D:3:      layout_rooms, marbit_many_paths, kennysheep_generic_room_7
D:4:      layout_cave_pools, temple_doors_cd, enter_ossuary_4,
          hellmonk_ghost_happy_afterlife, gup_sewer_entry_spiral, serial_shops,
          shop, nicolae_stop_n_shop_1, nicolae_shop_window_shopping, shop,
          nicolae_shop_hallway_stairs
Sewer:    sewer_fruit_machine

Skill      XL: |  1  2  3  4  5 |
---------------+----------------+-----
Stealth        | 1 2 |  2.3
Fighting       | 3 |  3.7
Armour         | 1 2 |  2.1
Dodging        | 3 |  3.3
Ranged Weapons | |  4.5

Action                   |  1- 3 |  4- 6 || total
-------------------------+-------+-------++-------
 Fire: Shortbow          |    56 |   181 ||   237
  Use: Scroll            |       |     1 ||     1
       Potion            |       |     1 ||     1
Armor: Fire dragon scale |    12 |    68 ||    80
Dodge: Dodged            |    15 |    63 ||    78

Table legend: (Time is in decaauts)
 A = Elapsed time spent in this place.
 B = Non-inter-level travel time spent in this place.
 C = Inter-level travel time spent in this place.
 D = Time resting spent in this place.
 E = Time spent auto-exploring this place.
 F = Levels seen in this place.
 G = Mean time per level.
                   A        B        C        D        E       F      G
               +--------+--------+--------+--------+--------+-----+--------+
         Total |   3301 |   3133 |    168 |     79 |   2424 |   5 |  660.2 |
       Dungeon |   2893 |   2725 |    168 |     79 |   2166 |   4 |  723.2 |
         Sewer |    407 |    407 |      0 |      0 |    257 |   1 |  407.0 |
               +--------+--------+--------+--------+--------+-----+--------+

Top non-repeatable levels by time:
     D:2: 1222 daAuts
     D:1: 792 daAuts
     D:3: 561 daAuts
   Sewer: 407 daAuts
     D:4: 317 daAuts
